 Dungeon Crawl Stone Soup version 0.31-a0-145-g046c7d2549 (webtiles) character file.

Game seed: 18001413493253886480

105 hikkokomori the Trooper (level 4, -3/39 HPs)
             Began as a Demigod Fighter on June 7, 2023.
             Slain by Grinder (5 damage)
             ... on level 3 of the Dungeon.
             The game lasted 00:02:05 (1989 turns).

hikkokomori the Trooper (Demigod Fighter)           Turns: 1989, Time: 00:02:05

Health: -3/39      AC:  7    Str: 17    XL:     4   Next: 29%
Magic:  6/6        EV: 10    Int: 14    God:
Gold:   99         SH:  5    Dex: 13    Spells: 3/3 levels left

rFire   . . .        a - +0 war axe
rCold   + . .        c - +0 buckler
rNeg    . . .        n - +1 ring mail {rC+}
rPois   .            (no helmet)
rElec   .            (no cloak)
rCorr   .            m - +0 pair of gloves
SInv    .            (no boots)
Will    .....        (no amulet)
Stlth   +            (no ring)
HPRegen 0.26/turn    (no ring)
MPRegen 0.10/turn

%: no passive effects
@: mighty
A: high MP 1, forlorn, divine attributes
a: no special abilities


You were on level 3 of the Dungeon.
You visited 1 branch of the dungeon, and saw 3 of its levels.

You collected 99 gold pieces.

Inventory:

Hand Weapons
 a - a +0 war axe (weapon)
Missiles
 r - a throwing net (quivered)
Armour
 b - a +0 scale mail
 c - a +0 buckler (worn)
 m - a +0 pair of gloves (worn)
 n - a +1 ring mail of cold resistance (worn)
Jewellery
 o - an amulet of the acrobat
 q - a ring of protection from fire
Wands
 s - a wand of digging (3)
Scrolls
 f - a scroll of enchant armour {unknown}
 g - a scroll of poison {unknown}
 h - a scroll of teleportation
 j - a scroll of blinking {unknown}
 t - 2 scrolls of vulnerability {unknown}
Potions
 e - a potion of magic {unknown}
 i - 2 potions of curing
 k - 2 potions of ambrosia
 l - a potion of berserk rage {unknown}
 p - a potion of brilliance {unknown}


   Skills:
 + Level 3.6 Fighting
 + Level 2.8 Axes
 - Level 2.6 Armour
 + Level 3.5 Shields


You had 3 spell levels left.
You didn't know any spells.
Your spell library contained the following spells:

 Spells                   Type           Power      Damage    Failure   Level
 Passage of Golubria      Tloc           0%         N/A       100%        4
 Silence                  Hex/Air        0%         N/A       100%        5
 Lehudib's Crystal Spear  Conj/Erth      0%         10d2      100%        8


Dungeon Overview and Level Annotations

Branches:
Dungeon (3/15)

Annotations:
D:3 Grinder


Innate Abilities, Weirdness & Mutations

You have an increased reservoir of magic. (+10% MP)
You shall have no god before yourself.
Your divine heritage dramatically boosts your attributes as you level up.


Message History

The hobgoblin barely misses you. x2
Grinder shouts!
You hit the hobgoblin.
You kill the hobgoblin!
Found a leather armour.
The bat barely misses you.
The hobgoblin hits you but does no damage.
You hit the hobgoblin.
You kill the hobgoblin!
The bat closely misses you.
Found a cyan potion.
The bat closely misses you. Grinder gestures at you.
You suddenly lose the ability to move!
The bat hits you but does no damage. The bat completely misses you.
Grinder hits you.
You writhe in agony.
Grinder hits you. The bat hits you but does no damage. Grinder hits you.
You writhe in agony.
You can move again.
Unknown command.
You feel very mighty all of a sudden. You block the bat's attack.
Grinder gestures at you. Pain shoots through your body!
* * * LOW HITPOINT WARNING * * *
Unknown command.
You barely miss Grinder.
Grinder says, "FISH!"
Grinder gestures at you. You resist with significant effort.
You block the bat's attack. Grinder gestures at you.
You suddenly lose the ability to move!
Grinder hits you but does no damage. The bat hits you but does no damage.
Grinder barely misses you. The bat hits you but does no damage.
Grinder hits you.
* * * LOW HITPOINT WARNING * * *
You writhe in agony.
* * * LOW HITPOINT WARNING * * *
You can move again.
Unknown command.
You closely miss Grinder. Grinder hits you.
You die...

.. #..5# # .
........!. #
..##........
# ..
#.#....... #
.
#.#.#.....##
#...#.......
## ##.......
......5####
#...@..#
#...b#.##
#[...#..###
#....##...#
#....####.#
#....# #.##
#....# #..#
#....# ##.#
#.#


You could see Grinder and a bat.

Vanquished Creatures
  Terence (D:3)
  3 adders (D:2)
  A worm (D:3)
  A dart slug (D:2)
  2 ball pythons
  4 bats
  5 endoplasms
  A giant cockroach (D:1)
  4 goblins
  6 hobgoblins
  3 jackals (D:1)
  7 kobolds
  A quokka (D:1)
  5 rats
44 creatures vanquished.

Notes
Turn   | Place    | Note
-------+----------+-------------------------------------------
     0 | D:1      | hikkokomori the Demigod Fighter began the quest for the
                  | Orb.
     0 | D:1      | Reached XP level 1. HP: 18/18 MP: 3/3
   186 | D:1      | Reached XP level 2. HP: 25/25 MP: 4/4
   846 | D:2      | Reached XP level 3. HP: 30/31 MP: 5/5
  1634 | D:3      | Noticed Terence
  1646 | D:3      | Killed Terence
  1647 | D:3      | Reached XP level 4. HP: 36/38 MP: 6/6
  1881 | D:3      | Noticed Grinder
  1979 | D:3      | Paralysed by Grinder for 5 turns
  1985 | D:3      | Paralysed by Grinder for 4 turns
  1989 | D:3      | Slain by Grinder

Illustrated notes

Levels and vault maps discovered:
D:1:      nicolae_arrival_washed_ashore, layout_loops_cross,
          shapermc_ecumenical_altar_mp_vishouse
D:2:      layout_loops_cross
D:3:      layout_basic, palyth_stone_intersect, uniq_terence, uniq_grinder

Skill      XL: |  1  2 |
---------------+-------+-----
Axes           | 2 |  2.8
Fighting       | 3 |  3.6
Shields        | 3 |  3.5
Armour         | |  2.6

Action                     |  1- 3 |  4- 6 || total
---------------------------+-------+-------++-------
  Melee: War axe           |   104 |    18 ||   122
    Use: Scroll            |       |     3 ||     3
         Potion            |       |     1 ||     1
 Armour: Scale mail        |    30 |       ||    30
         Ring mail         |    22 |    13 ||    35
  Dodge: Dodged            |    43 |    11 ||    54
  Block: Buckler           |    31 |     3 ||    34

Table legend: (Time is in decaauts)
 A = Elapsed time spent in this place.
 B = Non-inter-level travel time spent in this place.
 C = Inter-level travel time spent in this place.
 D = Time resting spent in this place.
 E = Time spent auto-exploring this place.
 F = Levels seen in this place.
 G = Mean time per level.
                   A        B        C        D        E       F      G
               +--------+--------+--------+--------+--------+-----+--------+
         Total |   2038 |   1926 |    112 |      0 |   1578 |   3 |  679.3 |
       Dungeon |   2038 |   1926 |    112 |      0 |   1578 |   3 |  679.3 |
               +--------+--------+--------+--------+--------+-----+--------+

Top non-repeatable levels by time:
     D:2: 852 daAuts
     D:1: 821 daAuts
     D:3: 364 daAuts
